[ AOE2 MATCH · #504729938 ]
UnrankedEthiopians vs Khmer
Player's team · WIN
Rival team · LOSS
[ REPLAY ANALYSIS · EXTRACTED FROM THE RECORDED GAME ]
Feudal
8:52
Castle
20:12
Imperial
37:28
| APM avg | 48.7 |
| APM peak | 81 |
| eAPM avg | 30.2 |
| Villagers / military | 158 / 115 |
Focus
⚔️ 46.6% · 🌾 53.4%
Archer ×66 · Spearman ×37 · Mangonel ×4 · Trebuchet (Packed) ×4 · Militia ×3 · Shotel Warrior ×1
Feudal
11:00
Castle
20:20
Imperial
—
| APM avg | 48.5 |
| APM peak | 77 |
| eAPM avg | 29.4 |
| Villagers / military | 106 / 184 |
Focus
⚔️ 45.4% · 🌾 54.6%
Knight ×80 · Scout Cavalry ×71 · Scorpion ×20 · Militia ×5 · Battle Elephant ×5 · Battering Ram ×3
Match map
Initial resources + every placement click. Lines = walls · curves = elevation contours. ◆ gold · ⬟ stone · ● berries · ✦ relic · ◌ wall gap
Your base· ✓ Closed at 20:12 · 29t walls · 1 gate(s)
[DGLOS] DyouDi's base· Open — 5t gap
Smoothed initial terrain · ◌ = detected wall gap · hover for details
Inputs per minute
— Andre_2i - - [DGLOS] DyouDi
Build order — Andre_2i
First 150 of 458 actions detected
| 0:00 | Create | Villager (Male) |
| 0:01 | Build | House |
| 0:02 | Build | House |
| 0:15 | Create | Villager (Male) |
| 0:23 | Create | Villager (Male) |
| 0:29 | Create | Villager (Male) |
| 1:18 | Create | Villager (Male) |
| 1:41 | Create | Villager (Male) |
| 1:53 | Build | Lumber Camp |
| 2:16 | Create | Villager (Male) |
| 2:30 | Create | Villager (Male) |
| 3:09 | Create | Villager (Male) |
| 3:35 | Create | Villager (Male) |
| 3:48 | Create | Villager (Male) |
| 3:57 | Build | House |
| 4:19 | Create | Villager (Male) |
| 4:52 | Create | Villager (Male) |
| 5:04 | Build | Barracks |
| 5:16 | Create | Villager (Male) |
| 5:34 | Build | House |
| 5:51 | Create | Villager (Male) |
| 6:05 | Build | Palisade Wall |
| 6:14 | Research | Loom |
| 6:42 | Research | Feudal Age |
| 6:51 | Create | Militia |
| 7:09 | Create | Militia |
| 7:31 | Create | Militia |
| 7:42 | Build | Mining Camp |
| 7:56 | Build | House |
| 8:06 | Create | Villager (Male) |
| 8:21 | Build | House |
| 8:52 | Age | Feudal Age |
| 8:56 | Research | Man-at-Arms (upgrade) |
| 9:04 | Research | Double-Bit Axe |
| 9:12 | Build | Mill |
| 9:15 | Create | Villager (Male) |
| 9:16 | Build | House |
| 9:32 | Create | Villager (Male) |
| 9:49 | Create | Villager (Male) |
| 9:51 | Build | Archery Range |
| 10:26 | Build | Farm |
| 10:28 | Build | Farm |
| 10:30 | Build | Farm |
| 10:30 | Create | Archer |
| 10:37 | Create | Villager (Male) |
| 10:39 | Create | Archer |
| 10:43 | Create | Archer |
| 11:01 | Build | Farm |
| 11:04 | Create | Villager (Male) |
| 11:04 | Create | Villager (Male) |
| 11:12 | Build | Farm |
| 11:28 | Build | Farm |
| 11:29 | Create | Archer |
| 11:33 | Create | Villager (Male) |
| 11:33 | Create | Villager (Male) |
| 11:40 | Create | Villager (Male) |
| 11:45 | Build | Farm |
| 12:06 | Create | Villager (Male) |
| 12:21 | Create | Villager (Male) |
| 12:27 | Build | Blacksmith |
| 12:31 | Build | House |
| 12:36 | Create | Archer |
| 12:37 | Create | Villager (Male) |
| 12:51 | Create | Archer |
| 13:07 | Build | Farm |
| 13:09 | Create | Archer |
| 13:18 | Research | Fletching |
| 13:18 | Research | Fletching |
| 13:22 | Create | Villager (Male) |
| 13:29 | Build | Farm |
| 13:34 | Create | Villager (Male) |
| 13:36 | Build | House |
| 13:47 | Build | Farm |
| 13:49 | Build | Farm |
| 14:03 | Build | Palisade Gate |
| 14:04 | Build | House |
| 14:16 | Build | Farm |
| 14:30 | Create | Villager (Male) |
| 14:35 | Build | Palisade Wall |
| 14:37 | Build | Palisade Wall |
| 14:38 | Create | Villager (Male) |
| 14:41 | Build | Palisade Wall |
| 14:54 | Create | Archer |
| 15:05 | Build | Palisade Wall |
| 15:07 | Create | Villager (Male) |
| 15:11 | Build | Farm |
| 15:22 | Create | Villager (Male) |
| 15:26 | Build | Farm |
| 15:36 | Create | Villager (Male) |
| 15:39 | Create | Archer |
| 16:02 | Create | Villager (Male) |
| 16:06 | Build | Lumber Camp |
| 16:17 | Create | Archer |
| 16:25 | Create | Villager (Male) |
| 17:02 | Build | Archery Range |
| 17:07 | Build | House |
| 17:32 | Research | Castle Age |
| 17:32 | Research | Castle Age |
| 17:36 | Research | Horse Collar |
| 17:59 | Create | Archer |
| 18:00 | Create | Archer |
| 18:06 | Research | Gold Mining |
| 18:08 | Create | Archer |
| 18:08 | Create | Archer |
| 18:33 | Create | Archer |
| 18:35 | Create | Archer |
| 18:47 | Create | Archer |
| 18:49 | Create | Villager (Male) |
| 19:03 | Create | Spearman |
| 19:03 | Create | Spearman |
| 19:05 | Create | Archer |
| 19:08 | Build | Farm |
| 19:16 | Research | Scale Mail Armor |
| 19:18 | Create | Archer |
| 19:18 | Create | Archer |
| 19:32 | Create | Archer |
| 19:42 | Create | Spearman |
| 19:46 | Create | Archer |
| 19:51 | Create | Archer |
| 20:09 | Build | House |
| 20:09 | Build | House |
| 20:11 | Build | House |
| 20:11 | Create | Archer |
| 20:12 | Age | Castle Age |
| 20:13 | Create | Spearman |
| 20:16 | Research | Bodkin Arrow |
| 20:27 | Research | Crossbowman (upgrade) |
| 20:27 | Research | Crossbowman (upgrade) |
| 20:28 | Create | Archer |
| 20:33 | Create | Villager (Male) |
| 20:33 | Create | Villager (Male) |
| 20:39 | Build | Farm |
| 20:41 | Build | Farm |
| 20:45 | Create | Villager (Male) |
| 20:52 | Create | Archer |
| 21:02 | Create | Spearman |
| 21:03 | Create | Archer |
| 21:03 | Create | Archer |
| 21:10 | Build | Town Center |
| 21:15 | Create | Villager (Male) |
| 21:21 | Build | Town Center |
| 21:23 | Create | Archer |
| 21:23 | Create | Archer |
| 21:38 | Create | Archer |
| 21:43 | Create | Villager (Male) |
| 21:57 | Create | Archer |
| 22:00 | Create | Villager (Male) |
| 22:08 | Create | Villager (Male) |
| 22:20 | Create | Archer |
| 22:21 | Create | Villager (Male) |
Build order — [DGLOS] DyouDi
First 150 of 431 actions detected
| 0:00 | Create | Villager (Male) |
| 0:01 | Create | Villager (Male) |
| 0:02 | Build | House |
| 0:02 | Build | House |
| 0:04 | Create | Villager (Male) |
| 0:04 | Create | Villager (Male) |
| 0:04 | Create | Villager (Male) |
| 1:26 | Create | Villager (Male) |
| 1:26 | Create | Villager (Male) |
| 1:56 | Create | Villager (Male) |
| 1:56 | Create | Villager (Male) |
| 2:11 | Build | Lumber Camp |
| 2:20 | Create | Villager (Male) |
| 2:20 | Create | Villager (Male) |
| 2:41 | Create | Villager (Male) |
| 3:09 | Create | Villager (Male) |
| 3:09 | Create | Villager (Male) |
| 3:09 | Create | Villager (Male) |
| 3:37 | Create | Villager (Male) |
| 3:37 | Create | Villager (Male) |
| 4:15 | Create | Villager (Male) |
| 4:21 | Build | House |
| 4:45 | Build | House |
| 4:59 | Create | Villager (Male) |
| 5:00 | Create | Villager (Male) |
| 5:03 | Create | Villager (Male) |
| 5:03 | Create | Villager (Male) |
| 5:28 | Build | Barracks |
| 5:39 | Create | Villager (Male) |
| 5:39 | Create | Villager (Male) |
| 5:44 | Create | Villager (Male) |
| 6:16 | Build | House |
| 6:18 | Build | Palisade Wall |
| 6:22 | Create | Militia |
| 6:22 | Create | Militia |
| 6:28 | Create | Militia |
| 6:28 | Create | Militia |
| 6:47 | Create | Militia |
| 7:35 | Create | Villager (Male) |
| 7:52 | Build | Mill |
| 7:55 | Create | Villager (Male) |
| 8:06 | Research | Loom |
| 8:48 | Research | Feudal Age |
| 9:11 | Build | Mill |
| 10:14 | Build | House |
| 10:17 | Build | Palisade Wall |
| 10:23 | Create | Villager (Male) |
| 10:28 | Build | House |
| 10:30 | Build | Palisade Wall |
| 10:42 | Build | Palisade Wall |
| 10:47 | Build | Palisade Wall |
| 11:00 | Age | Feudal Age |
| 11:04 | Create | Villager (Male) |
| 11:07 | Build | Stable |
| 11:08 | Research | Double-Bit Axe |
| 11:08 | Research | Double-Bit Axe |
| 11:14 | Research | Horse Collar |
| 11:14 | Research | Horse Collar |
| 11:30 | Create | Villager (Male) |
| 11:34 | Build | House |
| 11:35 | Create | Villager (Male) |
| 11:42 | Build | House |
| 12:01 | Create | Scout Cavalry |
| 12:01 | Create | Scout Cavalry |
| 12:04 | Build | Farm |
| 12:13 | Build | House |
| 12:16 | Create | Villager (Male) |
| 12:21 | Build | Farm |
| 12:35 | Build | Farm |
| 12:42 | Create | Scout Cavalry |
| 13:03 | Create | Scout Cavalry |
| 13:05 | Build | Farm |
| 13:06 | Build | Farm |
| 13:11 | Build | Farm |
| 13:12 | Create | Villager (Male) |
| 13:13 | Create | Villager (Male) |
| 13:15 | Build | Farm |
| 13:33 | Create | Scout Cavalry |
| 13:36 | Build | Farm |
| 13:39 | Build | Farm |
| 13:42 | Create | Villager (Male) |
| 13:49 | Build | House |
| 14:18 | Create | Scout Cavalry |
| 14:30 | Create | Scout Cavalry |
| 14:32 | Create | Villager (Male) |
| 14:32 | Create | Villager (Male) |
| 14:33 | Build | Farm |
| 14:34 | Build | Farm |
| 14:36 | Build | Farm |
| 14:52 | Build | Lumber Camp |
| 14:56 | Create | Villager (Male) |
| 15:10 | Create | Scout Cavalry |
| 15:20 | Build | House |
| 15:35 | Build | Mining Camp |
| 15:36 | Create | Scout Cavalry |
| 15:43 | Create | Villager (Male) |
| 15:55 | Create | Villager (Male) |
| 16:02 | Build | Farm |
| 16:31 | Build | Market |
| 16:35 | Create | Villager (Male) |
| 17:11 | Build | Farm |
| 17:13 | Build | House |
| 17:40 | Research | Castle Age |
| 17:40 | Research | Castle Age |
| 17:50 | Build | Blacksmith |
| 17:58 | Create | Scout Cavalry |
| 18:13 | Build | House |
| 18:23 | Research | Bloodlines |
| 18:26 | Research | Gold Mining |
| 18:26 | Research | Gold Mining |
| 18:41 | Create | Villager (Male) |
| 18:48 | Create | Scout Cavalry |
| 19:04 | Build | House |
| 19:06 | Build | Palisade Wall |
| 19:08 | Build | Palisade Wall |
| 19:17 | Build | Palisade Wall |
| 19:18 | Build | Palisade Wall |
| 19:19 | Build | Palisade Wall |
| 19:24 | Create | Scout Cavalry |
| 19:28 | Research | Scale Barding Armor |
| 19:33 | Research | Forging |
| 19:33 | Research | Forging |
| 19:52 | Create | Villager (Male) |
| 19:55 | Build | Mining Camp |
| 20:08 | Create | Scout Cavalry |
| 20:20 | Age | Castle Age |
| 20:26 | Research | Light Cavalry (upgrade) |
| 20:26 | Research | Light Cavalry (upgrade) |
| 20:31 | Build | Siege Workshop |
| 20:43 | Research | Chain Barding Armor |
| 20:43 | Research | Chain Barding Armor |
| 21:03 | Create | Knight |
| 21:11 | Create | Knight |
| 21:15 | Create | Scorpion |
| 21:16 | Create | Scorpion |
| 21:18 | Create | Villager (Male) |
| 21:18 | Create | Villager (Male) |
| 21:19 | Create | Villager (Male) |
| 21:37 | Create | Knight |
| 21:38 | Create | Villager (Male) |
| 21:52 | Create | Scorpion |
| 22:12 | Create | Knight |
| 22:13 | Create | Knight |
| 22:14 | Create | Villager (Male) |
| 22:14 | Create | Villager (Male) |
| 22:23 | Create | Scorpion |
| 22:33 | Research | Husbandry |
| 22:33 | Research | Husbandry |
| 22:38 | Build | Farm |
| 22:52 | Create | Knight |
Match timeline
| 5:04 | Andre_2i · first_building Barracks |
| 5:28 | [DGLOS] DyouDi · first_building Barracks |
| 6:05 | Andre_2i · wall_segment Palisade Wall x2 |
| 6:18 | [DGLOS] DyouDi · wall_segment Palisade Wall x2 |
| 8:52 | Andre_2i · age_up feudal |
| 9:51 | Andre_2i · first_building Archery Range |
| 10:17 | [DGLOS] DyouDi · wall_segment Palisade Wall x5 |
| 10:30 | [DGLOS] DyouDi · wall_segment Palisade Wall x14 |
| 10:42 | [DGLOS] DyouDi · wall_segment Palisade Wall x6 |
| 10:47 | [DGLOS] DyouDi · wall_segment Palisade Wall x6 |
| 11:00 | [DGLOS] DyouDi · age_up feudal |
| 11:07 | [DGLOS] DyouDi · first_building Stable |
| 14:35 | Andre_2i · wall_segment Palisade Wall x9 |
| 14:37 | Andre_2i · wall_segment Palisade Wall x4 |
| 14:41 | Andre_2i · wall_segment Palisade Wall x13 |
| 15:05 | Andre_2i · wall_segment Palisade Wall x1 |
| 16:58 | [DGLOS] DyouDi · first_market_sell 100 stone |
| 18:05 | [DGLOS] DyouDi · first_market_buy 100 food |
| 19:06 | [DGLOS] DyouDi · wall_segment Palisade Wall x4 |
| 19:08 | [DGLOS] DyouDi · wall_segment Palisade Wall x7 |
| 19:17 | [DGLOS] DyouDi · wall_segment Palisade Wall x1 |
| 19:18 | [DGLOS] DyouDi · wall_segment Palisade Wall x3 |
| 19:19 | [DGLOS] DyouDi · wall_segment Palisade Wall x1 |
| 20:12 | Andre_2i · age_up castle |
| 20:20 | [DGLOS] DyouDi · age_up castle |
| 20:31 | [DGLOS] DyouDi · first_building Siege Workshop |
| 23:15 | Andre_2i · first_building Siege Workshop |
| 25:08 | Andre_2i · wall_segment Palisade Wall x1 |
| 29:18 | [DGLOS] DyouDi · first_building Castle |
| 34:14 | Andre_2i · first_building Castle |
| 36:09 | Andre_2i · first_market_buy 100 wood |
| 36:37 | Andre_2i · wall_segment Palisade Wall x1 |
| 36:38 | Andre_2i · wall_segment Palisade Wall x1 |
| 36:39 | Andre_2i · wall_segment Palisade Wall x1 |
| 37:06 | Andre_2i · wall_segment Palisade Wall x1 |
| 37:07 | Andre_2i · wall_segment Palisade Wall x1 |
| 37:09 | Andre_2i · wall_segment Palisade Wall x1 |
| 37:10 | Andre_2i · wall_segment Palisade Wall x1 |
| 37:28 | Andre_2i · age_up imperial |
| 41:24 | [DGLOS] DyouDi · resign |
[ AI ANALYSIS · 1 CREDIT ]
What really happened in this match?
Wolo.gg analyzes every decision: build order, eco, micro, common mistakes by bracket. Personalized analysis on WhatsApp or Discord in 30 seconds.
Civ guide
Ethiopians
Perfil
Jugador #635884